 Dungeon Crawl Stone Soup version 0.18.1-1-g2f07953 (webtiles) character file.

1169 Raurakos the Basher (level 8, -3/66 HPs)
             Began as a Minotaur Hunter on May 7, 2016.
             Was a Believer of Okawaru.
             Slain by an orc warrior
             ... wielding a +1 dire flail of protection
              (10 damage)
             ... on level 6 of the Dungeon.
             The game lasted 00:16:22 (4539 turns).

Raurakos the Basher (Minotaur Hunter)               Turns: 4539, Time: 00:16:23

Health: -3/66      AC:  7    Str: 18    XL:     8   Next: 17%
Magic:  6/7        EV: 10    Int:  8    God:    Okawaru [**....]
Gold:   255        SH:  0    Dex: 12    Spells: 0 memorised, 7 levels left

rFire  + . .     SeeInvis .     E - +0 flail
rCold  . . .     Gourm    .     i - +0 scale mail (curse)
rNeg   . . .     Faith    .     (no shield)
rPois  .         Spirit   .     (helmet restricted)
rElec  .         Dismiss  .     (no cloak)
rCorr  +         Reflect  .     (no gloves)
SustAt .         Harm     .     u - +0 pair of boots
MR     .....                    (no amulet)
Stlth  ..........               w - ring of protection from fire
                                n - ring of resist corrosion

@: not resistant to hostile enchantments, extremely unstealthy
A: retaliatory headbutt, horns 2
a: Heroism, Renounce Religion


You were on level 6 of the Dungeon.
You worshipped Okawaru.
Okawaru was pleased with you.
You were hungry.

You visited 1 branch of the dungeon, and saw 6 of its levels.

You collected 255 gold pieces.

Inventory:

Hand Weapons
 a - a +0 whip
 E - a +0 flail (weapon)
Missiles
 c - 6 javelins (quivered)
 d - 2 throwing nets
Armour
 i - a cursed +0 scale mail (worn)
 u - a +0 pair of boots (worn)
 y - a +0 chain mail
Jewellery
 n - a ring of resist corrosion (left hand)
 v - a +1 ring of protection
 w - a ring of protection from fire (right hand)
Wands
 h - a wand of acid (2/15)
 G - a wand of flame (27/48)
Scrolls
 e - a scroll of fog {unknown}
 g - a scroll of blinking {unknown}
 j - 2 scrolls of magic mapping {unknown}
 l - 9 scrolls of remove curse
 o - 2 scrolls of teleportation {unknown}
 p - a scroll of enchant armour {unknown}
 s - 3 scrolls of recharging
 t - 2 scrolls of fear {unknown}
 x - a scroll of random uselessness {unknown}
 A - 2 scrolls of noise {unknown}
 B - a scroll of immolation {unknown}
 H - a scroll of summoning {unknown}
Potions
 k - 2 potions of brilliance
 m - a potion of agility
 z - a potion of might
 C - a potion of cure mutation
 D - a potion of degeneration {unknown}
 F - a potion of curing
Comestibles
 b - a meat ration
 f - 5 bread rations
 q - 2 beef jerkies
 r - 15 fruits


   Skills:
 - Level 4.1 Fighting
 + Level 10.9 Maces & Flails
 - Level 4.0 Throwing
 - Level 2.1 Dodging
 - Level 0.7 Stealth


You had 7 spell levels left.
You didn't know any spells.

Dungeon Overview and Level Annotations

Branches:
Dungeon (6/15)
 Temple: D:4-7

Altars:
Ashenzari
Dithmenos
Gozag
Okawaru
Qazlal
Zin

Annotations:
D:2 Sigmund


Innate Abilities, Weirdness & Mutations

You reflexively headbutt those who attack you in melee.
You have a pair of horns on your head.


Message History

You hit the orc warrior but do no damage.
The orc warrior is almost dead.
You feel like a meek peon again.
You barely miss the orc warrior.
The orc warrior is almost dead.
The orc warrior barely misses you. You furiously retaliate!
You headbutt the orc warrior, but do no damage.
You hit the orc warrior but do no damage.
The orc warrior is almost dead.
The orc warrior barely misses you.
You closely miss the orc warrior.
The orc warrior is almost dead.
The orc warrior hits you with a dire flail of protection.
* * * LOW HITPOINT WARNING * * *
You hit the orc warrior. Your headbutt misses the orc warrior.
The orc warrior is almost dead.
You hit the orc warrior but do no damage.
The orc warrior is almost dead.
The orc warrior hits you with a dire flail of protection!
You die...

##...##
####.##
##+## #.#
#### #.#
..... #.#
####. #.#
#.# #.#
.#######.#
...Oooo@.#
##########


You could see an orc warrior, an ogre and 2 orcs.

Vanquished Creatures
  Duvessa (D:4)
  An orc warrior (D:6)
  A centaur (D:5)
  Blork the orc (D:4)
  A giant frog (D:6)
  Dowan (D:4)
  A scorpion (D:5)
  3 wights (D:4)
  2 crimson imps
  A giant frog skeleton (D:4)
  3 orc wizards
  2 hounds
  4 worker ants
  A hound zombie (D:5)
  Robin (D:4)
  A howler monkey skeleton (D:5)
  5 adders
  2 oozes
  3 adder skeletons
  3 worms
  3 dart slugs
  2 giant geckos (D:4)
  12 orcs
  3 giant cockroaches
  7 goblins
  6 hobgoblins
  10 jackals
  4 quokkas
  A ball python (D:2)
  7 bats
  2 giant gecko skeletons
  A giant gecko zombie (D:5)
  3 giant newts
  2 kobolds (D:1)
  2 quokka skeletons (D:4)
  8 rats
111 creatures vanquished.

Notes
Turn   | Place    | Note
--------------------------------------------------------------
     0 | D:1      | Raurakos the Minotaur Hunter began the quest for the Orb.
     0 | D:1      | Reached XP level 1. HP: 18/18 MP: 0/0
    94 | D:1      | Reached XP level 2. HP: 24/26 MP: 1/1
   803 | D:2      | Reached XP level 3. HP: 29/33 MP: 2/2
   855 | D:2      | Reached skill level 1 in Maces & Flails
   961 | D:2      | Found a shadowy altar of Dithmenos.
  1083 | D:2      | Noticed Sigmund
  1634 | D:3      | Found a glowing silver altar of Zin.
  1691 | D:3      | Reached skill level 3 in Maces & Flails
  1691 | D:3      | Reached XP level 4. HP: 37/40 MP: 3/3
  1715 | D:3      | Reached skill level 4 in Maces & Flails
  1820 | D:3      | Reached XP level 5. HP: 46/46 MP: 4/4
  1953 | D:3      | Found an iron altar of Okawaru.
  1959 | D:3      | Became a worshipper of Warmaster Okawaru
  2024 | D:3      | Found a stormy altar of Qazlal.
  2178 | D:3      | You fall through a shaft for 2 floors!
  2178 | D:5      | Entered Level 5 of the Dungeon
  2202 | D:5      | Found a shattered altar of Ashenzari.
  2235 | D:5      | Reached skill level 5 in Maces & Flails
  2252 | D:5      | Gained mutation: Your spells are a little harder to cast, but a little more powerful. [potion of mutation]
  2252 | D:5      | Gained mutation: You are agile. (Dex +2) [potion of mutation]
  2252 | D:5      | Gained mutation: You are weak. (Str -2) [potion of mutation]
  2253 | D:5      | Lost mutation: Your spells are a little harder to cast, but a little more powerful. [potion of cure mutation]
  2253 | D:5      | Lost mutation: You are agile. (Dex +2) [potion of cure mutation]
  2253 | D:5      | Lost mutation: You are weak. (Str -2) [potion of cure mutation]
  2349 | D:5      | Reached skill level 6 in Maces & Flails
  2360 | D:5      | Noticed a centaur
  2377 | D:5      | Killed a centaur
  2377 | D:5      | Reached * piety under Okawaru
  2377 | D:5      | Reached XP level 6. HP: 6/52 MP: 5/5
  2896 | D:4      | Noticed Blork the orc
  2899 | D:4      | Killed Blork the orc
  2899 | D:4      | Reached skill level 7 in Maces & Flails
  2944 | D:4      | Noticed Dowan
  3021 | D:4      | Noticed Duvessa
  3464 | D:5      | Reached skill level 8 in Maces & Flails
  3548 | D:5      | Reached XP level 7. HP: 35/59 MP: 6/6
  3601 | D:4      | Noticed Robin
  3621 | D:4      | Killed Robin
  3899 | D:4      | Reached skill level 9 in Maces & Flails
  4051 | D:4      | Killed Duvessa
  4051 | D:4      | Reached ** piety under Okawaru
  4056 | D:4      | Killed Dowan
  4313 | D:6      | Found an opulent altar of Gozag.
  4341 | D:6      | Reached skill level 10 in Maces & Flails
  4349 | D:6      | Reached XP level 8. HP: 29/66 MP: 5/7
  4539 | D:6      | Slain by an orc warrior

Skill      XL: |  1  2  3  4  5  6  7 |
---------------+----------------------+-----
Fighting       | 3 4 |  4.1
Maces & Flails | 3 4 6 8 10 | 10.9
Throwing       | |  4.0
Dodging        | |  2.1
Stealth        | |  0.7

Action                   |  1- 3 |  4- 6 |  7- 9 || total
-------------------------+-------+-------+-------++-------
Melee: Short sword       |    23 |       |       ||    23
       Headbutt          |    15 |    26 |    16 ||    57
       Hand axe          |    32 |       |       ||    32
       Whip              |    34 |   189 |       ||   223
       Flail             |       |       |   131 ||   131
       Punch             |       |       |     1 ||     1
Throw: Javelin           |       |     2 |     2 ||     4
Invok: Heroism           |       |       |     2 ||     2
Evoke: Wand              |       |     3 |     2 ||     5
  Use: Scroll            |       |     7 |     2 ||     9
       Potion            |       |     4 |       ||     4
  Eat: Chunk             |     1 |     4 |     2 ||     7
       Pizza             |     1 |     1 |       ||     2
       Beef jerky        |       |       |     1 ||     1
Armor: Leather armour    |     6 |       |       ||     6
       Scale mail        |    39 |    63 |    37 ||   139
       Skin              |       |     9 |       ||     9
Dodge: Dodged            |    50 |    79 |    54 ||   183
